 Dungeon Crawl Stone Soup version 0.27-a0-1200-g94dc6ad4cf (webtiles) character file.

Game seed: 658982680412658967

121 wakim the Insei (level 5, -1/33 HPs)
             Began as an Octopode Transmuter on May 30, 2021.
             Succumbed to Crazy Yiuf's poison
             ... on level 2 of the Dungeon.
             The game lasted 00:14:08 (3598 turns).

wakim the Insei (Octopode Transmuter)               Turns: 3598, Time: 00:14:09

Health: -1/33      AC:  1    Str:  9    XL:     5   Next: 5%
Magic:  1/8        EV: 13    Int: 15    God:
Gold:   64         SH:  0    Dex: 14    Spells: 4/8 levels left

rFire    . . .     SeeInvis .     - Unarmed
rCold    . . .     Faith    .   (no shield)
rNeg     . . .     Spirit   .   (helmet restricted)
rPois    .         Reflect  .   (no amulet)
rElec    .         Harm     .   (no ring)
rCorr    .         Rampage  .   (no ring)
Will     .....                  (no ring)
Stlth    +++.......             (no ring)
HPRegen  0.11/turn              (no ring)
MPRegen  0.11/turn              (no ring)
                                (no ring)
                                (no ring)

@: lethally poisoned (-1 -> -15), flying
A: almost no armour, amphibious, 8 rings, camouflage 1, gelatinous body 1,
(nimble swimmer 1), tentacles
a: no special abilities


You were on level 2 of the Dungeon.
You visited 1 branch of the dungeon, and saw 2 of its levels.

You collected 64 gold pieces.

Inventory:

Missiles
 f - 8 atropa-tipped darts
Wands
 v - a wand of flame (5)
Scrolls
 a - a scroll of enchant armour {unknown}
 b - a scroll of enchant weapon {unknown}
 e - a scroll of noise {unknown}


   Skills:
 - Level 1.0 Fighting
 + Level 2.8 Dodging
 * Level 3.9 Stealth
 * Level 4.2 Unarmed Combat
 - Level 2.0 Spellcasting
 - Level 2.0 Transmutations


You had 4 spell levels left.
You knew the following spells:

 Your Spells              Type           Power      Damage    Failure   Level
a - Beastly Appendage     Tmut           14%        N/A       10%         1
x - Spider Form           Tmut/Pois      2%         N/A       41%         3

Your spell library contained the following spells:

 Spells                   Type           Power      Damage    Failure   Level
 Wereblood                Tmut           7%         N/A       14%         2
 Ice Form                 Ice/Tmut       4%         N/A       82%         4
 Hydra Form               Tmut           3%         N/A       95%         5


Dungeon Overview and Level Annotations

Branches:
Dungeon (2/15)

Altars:
Okawaru

Annotations:
D:2 Crazy Yiuf


Innate Abilities, Weirdness & Mutations

You cannot wear most types of armour.
You are amphibious.
You can wear up to eight rings at the same time.
Your skin changes colour to match your surroundings (Stealth+).
Your rubbery body absorbs attacks. (AC +1, EV +1)
((You are camouflaged near water. (Stealth+)))
You have tentacles for arms and can constrict up to eight enemies at once.


Message History

Crazy Yiuf hits you with a +4 quarterstaff of chaos!
You are poisoned.
You hit Crazy Yiuf but do no damage.
You feel very sick.
You hit Crazy Yiuf.
Crazy Yiuf is poisoned.
Crazy Yiuf is lightly wounded.
You feel very sick.
Crazy Yiuf hits you with a +4 quarterstaff of chaos!
* * * LOW HITPOINT WARNING * * *
Crazy Yiuf draws strength from your wounds!
You barely miss Crazy Yiuf.
Crazy Yiuf is lightly wounded.
* * * LOW HITPOINT WARNING * * *
You feel sick. Crazy Yiuf closely misses you.
You hit Crazy Yiuf but do no damage.
Crazy Yiuf looks as sick as possible!
Crazy Yiuf is lightly wounded.
* * * LOW HITPOINT WARNING * * *
You feel very sick. Crazy Yiuf completely misses you.
It was a potion of heal wounds.
You feel much better.
You feel sick.
Crazy Yiuf yells, "Papa return to song bush!"
Crazy Yiuf hits you with a +4 quarterstaff of chaos!
* * * LOW HITPOINT WARNING * * *
You feel your power leaking away.
You feel sick.
You feel sick.
You feel sick.
Your transformation has ended.
You feel sick.
You feel sick.
You feel sick.
Crazy Yiuf grits, "Two senile canine!"
Crazy Yiuf glowers.
Crazy Yiuf hits you with a +4 quarterstaff of chaos!
* * * LOW HITPOINT WARNING * * *
You are lethally poisoned!
It was a potion of flight.
You feel very buoyant.
You fly up into the air.
You die...

♣♣.###.#...# ...
####..(##..# #'#
..##.##....# ♣.♣♣
#...#..>...# ♣♣.♣
####.##.##.# ♣.♣♣
#.##.##.# ♣♣.♣
#.##.##.# ♣♣.♣♣
#.##.##.# ♣♣g..♣
##.##.##.# ♣.@..♣
###.#.#.##.# ##..##
.#.###..##.####....#
..## ##)..........##
.#.###.#######...##
....#..# #####
...#.#.# ...#.#.#
.......#


You could see Crazy Yiuf (very poisoned).

Vanquished Creatures
  Robin (D:2)
  3 adders (D:2)
  4 dart slugs
  12 endoplasms
  2 giant cockroaches
  10 goblins
  5 hobgoblins
  4 jackals (D:2)
  7 quokkas
  4 ball pythons
  3 bats (D:1)
  4 frilled lizards
  4 kobolds
  4 rats
67 creatures vanquished.

Vanquished Creatures (others)
  84 plants (D:2)
84 creatures vanquished.

Grand Total: 151 creatures vanquished

Notes
Turn   | Place    | Note
-------+----------+-------------------------------------------
     0 | D:1      | wakim the Octopode Transmuter began the quest for the Orb.
     0 | D:1      | Reached XP level 1. HP: 13/13 MP: 3/3
   335 | D:1      | Reached skill level 1 in Stealth
   357 | D:1      | Reached XP level 2. HP: 18/18 MP: 3/5
   660 | D:1      | Reached XP level 3. HP: 8/23 MP: 4/6
  1258 | D:2      | Found a faded altar of an unknown god.
  1582 | D:2      | Reached XP level 4. HP: 20/28 MP: 5/7
  1615 | D:2      | Found an iron altar of Okawaru.
  2331 | D:2      | Reached skill level 4 in Unarmed Combat
  2867 | D:2      | Noticed Robin
  3175 | D:1      | Learned a level 3 spell: Spider Form
  3187 | D:2      | Killed Robin
  3189 | D:2      | Reached XP level 5. HP: 20/33 MP: 2/8
  3580 | D:2      | Found a runed translucent door.
  3581 | D:2      | Noticed Crazy Yiuf
  3598 | D:2      | Succumbed to Crazy Yiuf's poison

Illustrated notes

Levels and vault maps discovered:
D:1:      evilmike_arrival_fibonacci_small, layout_basic
D:2:      wad_woods_stonehenge, layout_loops_ring,
          hellmonk_ecumenical_altar_arch_garden, minmay_misc_feat_encased,
          uniq_robin, uniq_crazy_yiuf_cottage

Skill      XL: |  1  2  3  4 |
---------------+-------------+-----
Stealth        | 1 2 3 |  3.9
Unarmed Combat | 4 |  4.2
Fighting       | |  1.0
Dodging        | |  2.8
Spellcasting   | |  2.0
Transmutations | |  2.0

Action                   |  1- 3 |  4- 6 || total
-------------------------+-------+-------++-------
Melee: Unarmed           |    85 |    73 ||   158
       Kick              |    19 |     7 ||    26
       Constrict         |    20 |    19 ||    39
       Tentacles         |    14 |     8 ||    22
       Punch             |     2 |     2 ||     4
 Cast: Beastly Appendage |    16 |     8 ||    24
       Spider Form       |       |     2 ||     2
  Use: Potion            |       |     2 ||     2
 Stab: Sleeping          |    11 |     1 ||    12
Armor: Skin              |     8 |     3 ||    11
Dodge: Dodged            |    41 |    35 ||    76

Table legend: (Time is in decaauts)
 A = Elapsed time spent in this place.
 B = Non-inter-level travel time spent in this place.
 C = Inter-level travel time spent in this place.
 D = Time resting spent in this place.
 E = Time spent auto-exploring this place.
 F = Levels seen in this place.
 G = Mean time per level.
                   A        B        C        D        E       F      G
               +--------+--------+--------+--------+--------+-----+--------+
         Total |   3590 |   3549 |     41 |    993 |   1873 |   2 | 1795.0 |
       Dungeon |   3590 |   3549 |     41 |    993 |   1873 |   2 | 1795.0 |
               +--------+--------+--------+--------+--------+-----+--------+

Top non-repeatable levels by time:
     D:2: 1838 daAuts
     D:1: 1752 daAuts
